ITL
OTSEGO BULLDOGS @ ALLENTOWN HILLBILLIES
07/19/2027
 
TOP OF THE 1ST
Otsego Bulldogs batting - Pitching for Allentown Hillbillies : RHP Okura Oike
Pitching: RHP Okura Oike
Batting: LHB Mario Cornelo 0-0: Ball
1-0: Ball
2-0: Ball
3-0: Called Strike
3-1: Fly out, F8 (Flyball, 8LD)
Batting: RHB Patrick Potts 0-0: Ground out 5-3 (Groundball, 56)
Batting: LHB José Costa 0-0: Ball
1-0: Foul Ball, location: 2F
1-1: Ball
2-1: SINGLE (Flyball, 8LS)
Batting: RHB Jorge Cisneros 0-0: Called Strike
0-1: Ball
1-1: SINGLE (Groundball, 56D)
José Costa to second
Batting: RHB Cristo García 0-0: Called Strike
0-1: SINGLE (Groundball, 4MD)
José Costa to third
Jorge Cisneros to second
Runner from 3rd tries for Home, SAFE, no throw
Batting: RHB Ramiro Chávez 0-0: Foul Ball, location: 2F
0-1: Foul Ball, location: 2F
0-2: Fly out, F9 (Flyball, 9LSF)
Top of the 1st over - 1 run(s), 3 hit(s), 0 error(s), 2 left on base; Otsego 1 - Allentown 0
BOTTOM OF THE 1ST
Allentown Hillbillies batting - Pitching for Otsego Bulldogs : RHP Tim Hill
Pitching: RHP Tim Hill
Batting: LHB Miguel Colón 0-0: Swinging Strike
0-1: Ball
1-1: Ball
2-1: Foul Ball, location: 2F
2-2: SINGLE (Line Drive, 8LS)
Batting: SHB Arturo Sánchez 0-0: Grounds into double play, 6-4-3 (Groundball, 6)
Batting: RHB Jimmy Simon 0-0: Foul Ball, location: 2F
0-1: Ball
1-1: Ball
2-1: Ground out 6-3 (Groundball, 6)
Bottom of the 1st over - 0 run(s), 1 hit(s), 0 error(s), 0 left on base; Otsego 1 - Allentown 0
TOP OF THE 2ND
Otsego Bulldogs batting - Pitching for Allentown Hillbillies : RHP Okura Oike
Batting: RHB Irving Galloway 0-0: Fly out, F8 (Flyball, 8LD)
Batting: RHB Felipe Rego 0-0: Ball
1-0: Foul Ball, location: 2F
1-1: Foul Ball, location: 2F
1-2: Foul Ball, location: 2F
1-2: Foul Ball, location: 2F
1-2: Strikes out swinging, 2-3 out at first.
Batting: RHB Armando Cuevas 0-0: Called Strike
0-1: Ball
1-1: Called Strike
1-2: Strikes out swinging
Top of the 2nd over - 0 run(s), 0 hit(s), 0 error(s), 0 left on base; Otsego 1 - Allentown 0
BOTTOM OF THE 2ND
Allentown Hillbillies batting - Pitching for Otsego Bulldogs : RHP Tim Hill
Batting: RHB Diego Rivera 0-0: Foul Ball, location: 2F
0-1: Swinging Strike
0-2: Strikes out swinging
Batting: LHB Eduardo Rodríguez 0-0: Ball
1-0: Swinging Strike
1-1: Swinging Strike
1-2: SINGLE (Line Drive, 8RS)
Batting: RHB Dan Banks 0-0: Fielders Choice at 2nd, 2-6 (Groundball, 2R)
Batting: RHB Donald Sanford 0-0: Ball
1-0: Ball
2-0: Foul Ball, location: 2F
2-1: Swinging Strike
2-2: Foul Ball, location: 2F
2-2: Ball
Dan Banks steals 2nd base
3-2: Strikes out swinging
Bottom of the 2nd over - 0 run(s), 1 hit(s), 0 error(s), 1 left on base; Otsego 1 - Allentown 0
TOP OF THE 3RD
Otsego Bulldogs batting - Pitching for Allentown Hillbillies : RHP Okura Oike
Batting: LHB Mario Cornelo 0-0: Ball
1-0: Ball
2-0: Ground out 4-3 (Groundball, 34)
Batting: RHB Patrick Potts 0-0: Foul Ball, location: 2F
0-1: Ball
1-1: Ball
2-1: Foul Ball, location: 2F
2-2: Strikes out swinging
Batting: LHB José Costa 0-0: Fly out, F7 (Flyball, 7S)
Top of the 3rd over - 0 run(s), 0 hit(s), 0 error(s), 0 left on base; Otsego 1 - Allentown 0
BOTTOM OF THE 3RD
Allentown Hillbillies batting - Pitching for Otsego Bulldogs : RHP Tim Hill
Batting: RHB Bartolo López 0-0: Swinging Strike
0-1: Foul Ball, location: 2F
0-2: Ground out 5-3 (Groundball, 56)
Batting: RHB Joel Jackson 0-0: Ground out 5-3 (Groundball, 56S)
Batting: LHB Miguel Colón 0-0: Foul Ball, location: 2F
0-1: Fly out, F7 (Flyball, 7)
Bottom of the 3rd over - 0 run(s), 0 hit(s), 0 error(s), 0 left on base; Otsego 1 - Allentown 0
TOP OF THE 4TH
Otsego Bulldogs batting - Pitching for Allentown Hillbillies : RHP Okura Oike
Batting: RHB Jorge Cisneros 0-0: Ball
1-0: Ball
2-0: Ball
3-0: Foul Ball, location: 2F
3-1: Foul Ball, location: 2F
3-2: Strikes out swinging
Batting: RHB Cristo García 0-0: Called Strike
0-1: Swinging Strike
0-2: Foul Ball, location: 2F
0-2: Ground out 6-3 (Groundball, 6S)
Batting: RHB Ramiro Chávez 0-0: Foul Ball, location: 2F
0-1: Ball
1-1: Swinging Strike
1-2: Ball
2-2: Fly out, F9 (Flyball, 9S)
Top of the 4th over - 0 run(s), 0 hit(s), 0 error(s), 0 left on base; Otsego 1 - Allentown 0
BOTTOM OF THE 4TH
Allentown Hillbillies batting - Pitching for Otsego Bulldogs : RHP Tim Hill
Batting: SHB Arturo Sánchez 0-0: Foul Ball, location: 2F
0-1: SINGLE (Flyball, 7S)
Batting: RHB Jimmy Simon 0-0: Ball
1-0: Foul Ball, location: 2F
1-1: SINGLE (Groundball, 56D)
Arturo Sánchez to second
Batting: RHB Diego Rivera 0-0: Ball
1-0: Ball
2-0: Called Strike
2-1: Ball
3-1: Base on Balls
Arturo Sánchez to third
Jimmy Simon to second
Batting: LHB Eduardo Rodríguez 0-0: Called Strike
0-1: Ball
1-1: Called Strike
1-2: Strikes out swinging
Batting: RHB Dan Banks 0-0: Called Strike
0-1: Ball
1-1: SINGLE (Groundball, 3D)
Arturo Sánchez scores
Jimmy Simon to third
Diego Rivera to second
Runner from 3rd tries for Home, throw and OUT!
Diego Rivera to third
Dan Banks to second
Batting: RHB Donald Sanford 0-0: Fly out, F8 (Flyball, 78D)
Bottom of the 4th over - 1 run(s), 3 hit(s), 0 error(s), 2 left on base; Otsego 1 - Allentown 1
TOP OF THE 5TH
Otsego Bulldogs batting - Pitching for Allentown Hillbillies : RHP Okura Oike
Batting: RHB Irving Galloway 0-0: Foul Ball, location: 2F
0-1: Foul Ball, location: 2F
0-2: Foul Ball, location: 2F
0-2: Foul Ball, location: 2F
0-2: Foul Ball, location: 2F
0-2: Ground out 6-3 (Groundball, 6)
Batting: RHB Felipe Rego 0-0: Foul Ball, location: 2F
0-1: Ball
1-1: Foul Ball, location: 2F
1-2: SINGLE (Groundball, 6MD)
Batting: RHB Armando Cuevas 0-0: Foul Ball, location: 2F
0-1: Ball
1-1: Ball
2-1: DOUBLE (Flyball, 7LM)
Felipe Rego to third
Batting: LHB Mario Cornelo 0-0: Ball
1-0: Foul Ball, location: 2F
1-1: Ball
2-1: Foul Ball, location: 2F
2-2: Foul Ball, location: 2F
2-2: Strikes out looking
Batting: RHB Patrick Potts 0-0: Ball
1-0: Ball
2-0: Fly out, F8 (Flyball, 8RXD)
Top of the 5th over - 0 run(s), 2 hit(s), 0 error(s), 2 left on base; Otsego 1 - Allentown 1
BOTTOM OF THE 5TH
Allentown Hillbillies batting - Pitching for Otsego Bulldogs : RHP Tim Hill
Batting: RHB Bartolo López 0-0: Ground out 5-3 (Groundball, 56)
Batting: RHB Joel Jackson 0-0: Foul Ball, location: 2F
0-1: Ball
1-1: Ball
2-1: Swinging Strike
2-2: Foul Ball, location: 2F
2-2: Foul Ball, location: 2F
2-2: Foul Ball, location: 2F
2-2: Strikes out looking
Batting: LHB Miguel Colón 0-0: Swinging Strike
0-1: Foul Ball, location: 2F
0-2: Ball
1-2: Ball
2-2: Ball
3-2: Fly out, F7 (Line Drive, 7S)
Bottom of the 5th over - 0 run(s), 0 hit(s), 0 error(s), 0 left on base; Otsego 1 - Allentown 1
TOP OF THE 6TH
Otsego Bulldogs batting - Pitching for Allentown Hillbillies : RHP Okura Oike
Batting: LHB José Costa 0-0: Swinging Strike
0-1: Ball
1-1: Ball
2-1: DOUBLE (Line Drive, 9D)
Batting: RHB Jorge Cisneros 0-0: Ball
1-0: Foul Ball, location: 2F
1-1: Foul Ball, location: 2F
1-2: Strikes out swinging
Batting: RHB Cristo García 0-0: Ball
1-0: SINGLE (Groundball, 6D)
José Costa to third
Runner from 3rd tries for Home, SAFE, no throw
Batting: RHB Ramiro Chávez 0-0: Ball
1-0: Ball
2-0: Fly out, F8 (Flyball, 89D)
Batting: RHB Irving Galloway 0-0: Swinging Strike
0-1: Foul Ball, location: 2F
0-2: Ball
1-2: Foul Ball, location: 2F
1-2: Ball
2-2: Ball
3-2: SINGLE (Groundball, 56D)
Cristo García to second
Cristo García to third
Batting: RHB Felipe Rego 0-0: Ball
1-0: Called Strike
1-1: Foul Ball, location: 2F
1-2: Foul Ball, location: 2F
1-2: Fielders Choice at 2nd, 5-4 (Groundball, 5L)
Top of the 6th over - 1 run(s), 3 hit(s), 0 error(s), 1 left on base; Otsego 2 - Allentown 1
BOTTOM OF THE 6TH
Allentown Hillbillies batting - Pitching for Otsego Bulldogs : RHP Tim Hill
Batting: SHB Arturo Sánchez 0-0: Ball
1-0: Swinging Strike
1-1: Foul Ball, location: 2F
1-2: Strikes out swinging
Batting: RHB Jimmy Simon 0-0: Called Strike
0-1: Ball
1-1: Foul Ball, location: 2F
1-2: Foul Ball, location: 2F
1-2: Ball
2-2: SINGLE (Groundball, 6MD)
Batting: RHB Diego Rivera 0-0: Called Strike
0-1: Ball
1-1: Foul Ball, location: 2F
1-2: Hit by Pitch
Jimmy Simon to second
Batting: LHB Eduardo Rodríguez 0-0: Called Strike
0-1: Fly out, F8 (Flyball, 8RS)
Batting: RHB Dan Banks 0-0: Ball
1-0: Foul Ball, location: 2F
1-1: Ball
2-1: Foul Ball, location: 2F
2-2: Fly out, F9 (Flyball, 89D)
Bottom of the 6th over - 0 run(s), 1 hit(s), 0 error(s), 2 left on base; Otsego 2 - Allentown 1
TOP OF THE 7TH
Otsego Bulldogs batting - Pitching for Allentown Hillbillies : RHP Okura Oike
Pitching: LHP Alberto Maldonado
Batting: RHB Armando Cuevas 0-0: Ball
1-0: Fly out, F8 (Flyball, 8LXD)
Batting: LHB Mario Cornelo 0-0: Called Strike
0-1: Ball
1-1: Ball
2-1: Fly out, F7 (Flyball, 7S)
Batting: RHB Patrick Potts 0-0: Called Strike
0-1: Ball
1-1: Swinging Strike
1-2: Foul Ball, location: 2F
1-2: Ball
2-2: Strikes out looking
Top of the 7th over - 0 run(s), 0 hit(s), 0 error(s), 0 left on base; Otsego 2 - Allentown 1
BOTTOM OF THE 7TH
Allentown Hillbillies batting - Pitching for Otsego Bulldogs : RHP Tim Hill
Pitching: RHP Ricardo Trujillo
Batting: RHB Donald Sanford 0-0: Ball
1-0: Foul Ball, location: 2F
1-1: Foul Ball, location: 2F
1-2: Foul Ball, location: 2F
1-2: Ball
2-2: SINGLE (Flyball, 9S)
Batting: RHB Bartolo López 0-0: Bunted foul
0-1: Sac Bunt - play at first, batter OUT! 5-4
Donald Sanford to second
Batting: RHB Joel Jackson 0-0: Ball
1-0: Foul Ball, location: 2F
1-1: Foul Ball, location: 2F
1-2: SINGLE (Groundball, 6MD)
Donald Sanford to third
Pitching: LHP Mario Solíz
Pinch Hitting: RHB Millard Stark 0-0: Ball
1-0: Ball
2-0: Swinging Strike
2-1: Called Strike
2-2: Ball
3-2: Foul Ball, location: 2F
3-2: Base on Balls
Joel Jackson to second
Pitching: LHP Henry Barton
Pinch Hitting: RHB Albert Lutz 0-0: Called Strike
0-1: Called Strike
0-2: Ball
1-2: Ball
2-2: Ball
3-2: Base on Balls
Donald Sanford scores
Joel Jackson to third
Millard Stark to second
Batting: RHB Jimmy Simon 0-0: Ball
1-0: SINGLE (Groundball, 6D)
Joel Jackson scores
Millard Stark to third
Albert Lutz to second
Batting: RHB Diego Rivera 0-0: Ball
1-0: Grounds into fielders choice 6-2 (Groundball, 6)
Albert Lutz to third
Jimmy Simon to second
Batting: LHB Eduardo Rodríguez 0-0: Ball
1-0: Called Strike
1-1: Foul Ball, location: 2F
1-2: Ball
2-2: Ground out 3-1 (Groundball, 34)
Bottom of the 7th over - 2 run(s), 3 hit(s), 0 error(s), 3 left on base; Otsego 2 - Allentown 3
TOP OF THE 8TH
Otsego Bulldogs batting - Pitching for Allentown Hillbillies : LHP Alberto Maldonado
Now at 3B: António Yánez
Now in CF: Millard Stark
Batting: LHB José Costa 0-0: Swinging Strike
0-1: Foul Ball, location: 2F
0-2: Strikes out swinging
Pitching: RHP Dale Downs
Batting: RHB Jorge Cisneros 0-0: Ground out 1-3 (Groundball, 13)
Batting: RHB Cristo García 0-0: Foul Ball, location: 2F
0-1: Called Strike
0-2: Ball
1-2: Ground out 5-3 (Groundball, 56)
Top of the 8th over - 0 run(s), 0 hit(s), 0 error(s), 0 left on base; Otsego 2 - Allentown 3
BOTTOM OF THE 8TH
Allentown Hillbillies batting - Pitching for Otsego Bulldogs : LHP Henry Barton
Batting: RHB Dan Banks 0-0: Ball
1-0: Ball
2-0: Swinging Strike
2-1: SINGLE (Line Drive, 6D)
Batting: RHB Donald Sanford 0-0: Ball
1-0: Swinging Strike
1-1: Fly out, F6 (Popup, 6D)
Batting: RHB Bartolo López 0-0: Called Strike
0-1: Swinging Strike
0-2: Reached via error on a dropped throw, E3
Dan Banks to second
Batting: RHB Joel Jackson 0-0: SINGLE (Groundball, 56D)
Dan Banks to third
Bartolo López to second
Runner from 3rd tries for Home, SAFE, no throw
Batting: RHB Millard Stark 0-0: Ball
1-0: 3-RUN HOME RUN (Flyball, 7D), Distance : 382 ft
Pitching: LHP Esteban Santos
Batting: RHB António Yánez 0-0: Foul Ball, location: 2F
0-1: Ball
1-1: Called Strike
1-2: Strikes out looking
Batting: RHB Jimmy Simon 0-0: Called Strike
0-1: Ball
1-1: Ball
2-1: Foul Ball, location: 2F
2-2: Foul Ball, location: 2F
2-2: Fly out, F4 (Popup, 34D)
Bottom of the 8th over - 4 run(s), 3 hit(s), 1 error(s), 0 left on base; Otsego 2 - Allentown 7
TOP OF THE 9TH
Otsego Bulldogs batting - Pitching for Allentown Hillbillies : RHP Dale Downs
Pitching: LHP Alejandro Castillo
Now at 1B: Germano Labrego
Batting: RHB Ramiro Chávez 0-0: Foul Ball, location: 2F
0-1: Ball
1-1: Foul Ball, location: 2F
1-2: Ball
2-2: Ball
3-2: Strikes out swinging
Batting: RHB Irving Galloway 0-0: Ball
1-0: Called Strike
1-1: Swinging Strike
1-2: Foul Ball, location: 2F
1-2: Ground out 1-3 (Groundball, 15S)
Batting: RHB Felipe Rego 0-0: Swinging Strike
0-1: Ball
1-1: Swinging Strike
1-2: Ball
2-2: Ball
3-2: Base on Balls
Batting: RHB Armando Cuevas 0-0: Ball
1-0: SINGLE (Groundball, 56D)
Felipe Rego to second
Batting: LHB Mario Cornelo 0-0: Fly out, F8 (Line Drive, 8RD)
Top of the 9th over - 0 run(s), 1 hit(s), 0 error(s), 2 left on base; Otsego 2 - Allentown 7
Thursday, March 30th, 2017 - OOTP Baseball 17.12 Build 75